Unix NetHack Version 5.0.0-0 post-release - last build Jun 10 2026 00:39:30 (3ee93aec679c4c4259841fe613dc97188e26a321,branch:main).

Game began 2026-06-20 00:18:44, ended 2026-06-20 00:35:18.

Kwijibo4686, neutral female human Valkyrie

                                                          #
                                                        --.-----
      ------                                            |......|
      |....|           -------------    -----          #-`.....|
      |.....###        |...........| ###....|          #|......|
      |....|  ####    #.......(....| #  |...e@         #|......|
      ----.-          #|.>.........| #  |...|h         #|......-#
         ##           #|...........| #  -----#         #|......|#####
        ##          ###---.---------##       #        ##--------    ##
        #      ######     ####      #        #       ##              ####-----
        #      #             #      #        #      ##                  #|...|
        #     ##             #      #  #    ##      #                  ##....|
      --|----##              ###    #  #########   ##                  ##|...|
      |.....|#           ------.----#     #----|-- ######################....|
      |.....|#           |.........|#     #|..)<..###                    |...|
      |.....|#           |.........|%    ##|..[.^| #                     |...|
      |.....|#           |..........#     #-[...)|##                     -----
      |.(...-#           -----------       -------
      -------

Kwijibo4686 the Fighter     St:18 Dx:13 Co:18 In:8 Wi:8 Ch:10  Neutral
Dlvl:3  $:21 HP:0(59) Pw:12(12) AC:-1 Xp:6 T:2216  Burdened

Latest messages:
 A little dart shoots out at you!
 You are almost hit by a little dart.
 The kitten drops a dwarvish cloak.
 In what direction? 6
 That dart trap is difficult to disarm.
 In what direction? 6
 You disarm the trap.
 There are several objects here.
 You hit the gas spore!
 You see here a crossbow.
 You kill the gas spore!
 Boom!
 The kitten is caught in the gas spore's explosion!
 You kill the poor kitten!
 You hear the rumble of distant thunder...
 You are caught in the gas spore's explosion!
 Welcome to experience level 6.
 You see here an empty unlocked chest.
 There are several objects here.
 You see here an empty unlocked chest.
 You have a little trouble lifting an empty unlocked chest.  Continue? [ynq] (q) y
 You have a little trouble lifting F - an empty unlocked chest.
 Your movements are slowed slightly because of your load.
 The leprechaun suddenly falls asleep!
 The leprechaun misses!
 The leprechaun hits!
 Your purse feels lighter.
 The leprechaun vanishes!
 What do you want to read? [kvG or ?*] s
 That is a silly thing to read.
 You hit the floating eye!
 You are frozen by the floating eye's gaze!
 The dwarf swings her pick-axe.
 The dwarf hits!
 The dwarf swings her pick-axe.
 The dwarf hits!
 The dwarf swings her pick-axe.
 The dwarf hits!
 The orcish dagger hits the dwarf.
 The hill orc wields a scimitar!
 The dwarf swings her pick-axe.
 The dwarf hits!
 The dwarf swings her pick-axe.
 The dwarf hits!
 You die...
 Do you want your possessions identified? [ynq] (y) y
 Do you want to see your attributes? [ynq] (y) y
 Do you want an account of creatures vanquished? [ynaq] (y) y
 Do you want to see your conduct and achievements? [ynq] (y) y
 Do you want to see the dungeon overview? [ynq] (y) y

Inventory:
 Coins    ('$')
  $ - 21 gold pieces
 Amulets  ('"')
  u - an uncursed amulet versus poison
 Weapons  (')')
  b - a +0 dagger (alternate weapon; not wielded)
  a - a +1 spear (weapon in right hand)
 Armor    ('[')
  s - an uncursed +0 dwarvish iron helm
  y - an uncursed +0 dwarvish iron helm
  p - a blessed +0 orcish helm (being worn)
  z - an uncursed +1 pair of iron shoes
  t - an uncursed +0 pair of iron shoes
  c - an uncursed +3 small shield (being worn)
  A - an uncursed +0 dwarvish mithril-coat (being worn)
 Comestibles  ('%')
  B - an uncursed slime mold
  j - an uncursed clove of garlic
  f - a cursed partly eaten cream pie
  d - 2 uncursed food rations
  q - an uncursed lembas wafer
 Scrolls  ('?')
  k - an uncursed scroll of destroy armor
  G - an uncursed scroll of light
  v - a cursed scroll of light
 Potions  ('!')
  o - an uncursed potion of blindness
  E - an uncursed potion of healing
  x - an uncursed potion of monster detection
  m - an uncursed potion of see invisible
  r - a potion of holy water
 Rings    ('=')
  w - an uncursed ring of slow digestion
 Tools    ('(')
  F - an empty uncursed unlocked chest
  l - a cursed lock pick
  H - a +0 pick-axe
  h - an uncursed wax candle

Kwijibo4686 the Valkyrie's attributes:

Background:
 You were a Fighter, a level 6 human Valkyrie.
 You were neutral, nominally on a mission for Odin
 who was opposed by Tyr (lawful) and Loki (chaotic).
 You were right-handed.
 You were in the Dungeons of Doom, on level 3.
 You entered the dungeon 2216 turns ago.
 It was the midnight hour.
 You had 321 experience points, 319 more were needed to attain level 7.

Basics:
 You had 0 out of 59 hit points.
 You had all 12 energy points (spell power).
 Your armor class was -1.
 Your wallet contained 21 zorkmids.
 Autopickup was on for '$?!/="' plus thrown.

Final Characteristics:
 Your strength was 18 (limit:18/100).
 Your dexterity was 13 (limit:18).
 Your constitution was 18 (limit:18).
 Your intelligence was 8 (limit:18).
 Your wisdom was 8 (limit:18).
 Your charisma was 10 (limit:18).

Final Status:
 You weren't hungry.
 You were burdened; movement was slightly slowed.
 You were wielding a spear.
 You had basic skill with spear and could have enhanced that.

Final Attributes:
 You had sinned.
 You were cold resistant.
 You were stealthy.
 You were guarded.
 You were unlucky.
 You are dead.

Miscellaneous:
 You didn't encounter any bones levels.
 Total elapsed playing time was 16 minutes and 34 seconds.

Major events:
 Turn
    1: Kwijibo4686 the neutral human Valkyrie entered the dungeon
  868: attained the rank of Skirmisher (level 3)
 1153: entered the Gnomish Mines
 2176: attained the rank of Fighter (level 6)
 2216: killed by a dwarf, while frozen by a floating eye's gaze

You didn't know any spells.

Skills:
 Fighting Skills
   bare handed combat [Unskilled]
   two weapon combat  [Unskilled]
   riding             [Unskilled]
 Weapon Skills
   dagger             [Basic]
   axe                [Unskilled]
   pick-axe           [Unskilled]
   short sword        [Unskilled]
   broadsword         [Unskilled]
   long sword         [Unskilled]
   two-handed sword   [Unskilled]
   saber              [Unskilled]
   hammer             [Unskilled]
   quarterstaff       [Unskilled]
   polearms           [Unskilled]
   spear              [Basic]
   trident            [Unskilled]
   lance              [Unskilled]
   sling              [Unskilled]
 Spellcasting Skills
   attack spells      [Unskilled]
   escape spells      [Unskilled]

Voluntary challenges:
 Character rerolling was not enabled.
 You were an atheist.
 You never genocided any monsters.
 You never polymorphed an object.
 You never changed form.
 You used no wishes.
Achievements:
 You attained the rank of Skirmisher.
 You entered a shop.
 You entered the Gnomish Mines.
 You attained the rank of Fighter.

 The Dungeons of Doom: levels 1 to 5
    Level 1:
       A fountain, a sink.
    Level 2:
       An altar.
    Level 3: <- You were here.
       Final resting place for
          you, killed by a dwarf, while frozen by a floating eye's gaze.
    Level 4:
       A general store.
       Stairs down to The Gnomish Mines.
    Level 5:
 The Gnomish Mines: levels 5 to 6
    Level 5:
    Level 6:


Vanquished creatures:
  a small mimic
  2 gnome leaders
  a gnomish wizard
  2 elf zombies
  a giant ant
  2 kittens
  3 dwarves
  a kobold leader
  3 hill orcs
  a giant bat
  2 orc zombies
 an iguana
  a gas spore
  a hobgoblin
  9 giant rats
  a brown mold
 10 gnomes
  a gnome zombie
  a gecko
  8 jackals
  a kobold
  4 goblins
  3 sewer rats
  6 grid bugs
  a kobold zombie
  2 newts
69 creatures vanquished.

No species were genocided or became extinct.

Game over:
                       ----------
                      /          \
                     /    REST    \
                    /      IN      \
                   /     PEACE      \
                  /                  \
                  |   Kwijibo4686    |
                  |      21 Au       |
                  |   killed by a    |
                  |      dwarf       |
                  |                  |
                  |                  |
                  |       2026       |
                 *|     *  *  *      | *
        _________)/\\_//(\/(/\)/\//\/|_)_______

Farvel Kwijibo4686 the Valkyrie...

You died in The Dungeons of Doom on dungeon level 3 with 1553 points,
and 21 pieces of gold, after 2216 moves.
You were level 6 with a maximum of 59 hit points when you died.

